 Dungeon Crawl Stone Soup version 0.31-a0-60-g62046a28e0 (webtiles) character file.

Game seed: 16900764201651276696

560 Lavandula the Conjurer (level 7, -5/46 HPs)
             Began as a Mummy Conjurer on May 22, 2023.
             Slain by an unseen horror (7 damage)
             ... on level 4 of the Dungeon.
             The game lasted 00:06:19 (4023 turns).

Lavandula the Conjurer (Mummy Conjurer)             Turns: 4023, Time: 00:06:19

Health: -5/46      AC:  3    Str: 13    XL:     7   Next: 9%
Magic:  15/22      EV: 11    Int: 20    God:
Gold:   62         SH:  5    Dex: 10    Spells: 4/14 levels left

rFire   x . .        b - +0 falchion
rCold   + . .        (no shield)
rNeg    + + +        a - +0 robe
rPois   ∞            (no helmet)
rElec   .            (no cloak)
rCorr   .            t - +0 pair of gloves {Str+3}
SInv    .            (no boots)
Will    .....        h - amulet of reflection
Stlth   ++           c - ring of magical power
HPRegen 0.27/turn    (no ring)
MPRegen 0.18/turn

%: reflection, faith
@: no status effects
A: cold resistance 1, negative energy resistance 3, torment resistance 2, heat
vulnerability 1, in touch with death 1, no potions, faith
a: no special abilities


You were on level 4 of the Dungeon.
You visited 1 branch of the dungeon, and saw 5 of its levels.

You collected 177 gold pieces.
You spent 115 gold pieces at shops.

Inventory:

Hand Weapons
 b - a +0 falchion (weapon)
 s - a +2 whip of freezing
Missiles
 e - 3 atropa-tipped darts
 i - a throwing net
Armour
 a - a +0 robe (worn)
 t - a +0 pair of gloves of strength (worn)
 v - a +0 cloak
Jewellery
 c - a ring of magical power (left hand)
 h - an amulet of reflection (around neck)
 q - a ring of wizardry
Wands
 k - a wand of roots (9)
 m - a wand of flame (14)
 p - a wand of mindburst (5)
Scrolls
 d - 2 scrolls of vulnerability {unknown}
 f - a scroll of fog
 g - a scroll of identify
 j - a scroll of enchant armour {unknown}
 l - a scroll of blinking {unknown}
 n - a scroll of magic mapping {unknown}
 o - a scroll of fear {unknown}
 r - a scroll of poison {unknown}
 u - a scroll of teleportation {unknown}


   Skills:
 - Level 1.5 Dodging
 - Level 1.5 Stealth
 - Level 4.0 Spellcasting
 + Level 6.8 Conjurations


You had 4 spell levels left.
You knew the following spells:

 Your Spells              Type           Power      Damage    Failure   Level
a - Magic Dart            Conj           100%       1d8       1%          1
b - Searing Ray           Conj           62%        2d6       1%          2
c - Dazzling Flash        Conj/Hex       30%        N/A       12%         3
d - Fulminant Prism       Conj/Hex       7%         3d6       36%         4

Your spell library contained the following spells:

 Spells                   Type           Power      Damage    Failure   Level
 Iskenderun's Mystic Bla  Conj/Tloc      15%        2d5       36%         4


Dungeon Overview and Level Annotations

Branches:
Dungeon (5/15)
 Temple: D:4-7

Altars:
Ashenzari
Cheibriados
Qazlal
Trog
Yredelemnul

Shops:
D:2 [

Portals:
Abyss: D:4

Annotations:
D:4 2 transporters, PirateVox's ghost, amateur TrMo


Innate Abilities, Weirdness & Mutations

You are immune to poison.
Your flesh is cold resistant. (rC+)
You are immune to negative energy. (rN+++)
You are immune to unholy pain and torment.
You are vulnerable to heat. (rF-)
You are in touch with the powers of death.
You do not drink.
You have a special connection with the divine. (Faith)


Message History

You finish channelling your searing ray.
Casting: Searing Ray (safe; 1% risk of failure)
Confirm with . or Enter, or press ? or * to list all spells.
Aiming: Searing Ray (safe; 1% risk of failure)
Press: ? - help, Shift-Dir - straight line, f - orc
Aim: an orc, wielding a +0 mace and wearing a +0 ring mail (82% to hit)
The searing ray misses the orc. (Press . to maintain the ray.)
A yak comes into view.
The searing ray hits the orc!
You kill the orc!
Something hits you!
Deactivating autopickup; reactivate with Ctrl-A.
You see here a +0 cloak.
v - a +0 cloak Something hits you!
Something hits you. x2
You see here a +0 dagger.
Something hits you. x2
* * * LOW HITPOINT WARNING * * *
Something hits you.
* * * LOW HITPOINT WARNING * * *
There is a stone staircase leading up here.
Okay, then.
Something hits you.
* * * LOW HITPOINT WARNING * * *
You climb upwards.
Level annotation: 2 transporters, PirateVox's ghost, amateur TrMo Reactivating autopickup.
There is a stone staircase leading down here.
Unknown command.
You can't drink.
Unknown command.
Okay, then.
Okay, then.
As you read the scroll labelled SEOVATHR SACWOD, it crumbles to dust.
It is a scroll of identify.
f - a scroll of fog Something hits you!
You die...

######
#############....####
....................##
PPP.._..PPPP..####...#
.....................#
.###.########..####..#
...#.#..............##
................@#.##
...#.#...........#.#
...#+#...##.##.#.#>#
...................#
.................###
..####....###....#
###.!##..##.##...#
....# #©## #©#©..#
#.##..###...##...#


There were no monsters in sight!

Vanquished Creatures
  Sigmund (D:2)
  An ogre (D:4)
  A hound (D:5)
  A jelly (D:4)
  A sleepcap (D:4)
  2 orc wizards (D:4)
  3 adders
  4 gnolls (D:2)
  2 worms (D:3)
  3 dart slugs
  15 orcs
  9 ball pythons
  5 endoplasms
  2 giant cockroaches
  9 goblins
  6 hobgoblins
  2 jackals (D:1)
  4 quokkas
  9 bats
  7 frilled lizards
  8 kobolds
  4 rats
99 creatures vanquished.

Notes
Turn   | Place    | Note
-------+----------+-------------------------------------------
     0 | D:1      | Lavandula the Mummy Conjurer began the quest for the Orb.
     0 | D:1      | Reached XP level 1. HP: 13/13 MP: 4/4
   340 | D:1      | Reached XP level 2. HP: 17/19 MP: 5/5
   344 | D:1      | Learned a level 2 spell: Searing Ray
   802 | D:1      | Reached skill level 4 in Conjurations
  1242 | D:2      | Gained mutation: You are in touch with the powers of death.
                  | [Mummy growth]
  1242 | D:2      | Reached XP level 3. HP: 24/24 MP: 7/7
  1246 | D:2      | Learned a level 3 spell: Dazzling Flash
  1346 | D:2      | Noticed Sigmund
  1361 | D:2      | Killed Sigmund
  1362 | D:2      | Reached skill level 5 in Conjurations
  1362 | D:2      | Reached XP level 4. HP: 30/30 MP: 8/8
  1362 | D:2      | Reached XP level 5. HP: 35/35 MP: 9/9
  1443 | D:2      | Found Ryankemm's Armour Boutique.
  2319 | D:3      | Found a faded altar of an unknown god.
  2520 | D:3      | Reached XP level 6. HP: 41/41 MP: 11/11
  2593 | D:3      | Found a basalt altar of Yredelemnul.
  2917 | D:3      | Found a bloodstained altar of Trog.
  2917 | D:3      | Found a broken altar of Ashenzari.
  2924 | D:3      | Found a faded altar of an unknown god.
  3119 | D:4      | Learned a level 4 spell: Fulminant Prism
  3184 | D:4      | Reached skill level 6 in Conjurations
  3263 | D:4      | Found a one-way gate to the infinite horrors of the Abyss.
  3263 | D:4      | Noticed PirateVox's ghost (amateur TrMo)
  3269 | D:4      | Found a transporter.
  3278 | D:4      | Found a transporter.
  3281 | D:4      | Found a snail-covered altar of Cheibriados.
  3722 | D:4      | Found a stormy altar of Qazlal.
  3763 | D:2      | Reached XP level 7. HP: 46/46 MP: 13/13
  3769 | D:2      | Bought a +0 pair of gloves of strength for 115 gold pieces
  3994 | D:5      | Entered Level 5 of the Dungeon
  4010 | D:5      | Noticed a yak
  4021 | D:5      | HP: 1/46 [something (4)]
  4023 | D:4      | Slain by an unseen horror

Illustrated notes

Levels and vault maps discovered:
D:1:      minmay_arrival_pointy, layout_basic
D:2:      layout_basic, serial_shops, shop, uniq_sigmund
D:3:      layout_loops_ring, marbit_many_paths,
          chequers_temple_overflow_minitemple,
          shapermc_ecumenical_altar_flowoftime
D:4:      layout_basic, mainiacjoe_overflow_boulevard,
          nicolae_qazlal_general_emergency, gammafunk_ghost_abyssal_escape,
          minmay_circle_x
D:5:      layout_loops_ring, minmay_manual_mess

Skill      XL: |  1  2  3  4  5  6 |
---------------+-------------------+-----
Conjurations   | 4 5 6 |  6.8
Spellcasting   | 3 4 |  4.0
Dodging        | |  1.5
Stealth        | |  1.5

Action                     |  1- 3 |  4- 6 |  7- 9 || total
---------------------------+-------+-------+-------++-------
  Melee: Falchion          |     3 |    12 |       ||    15
   Cast: Magic Dart        |    49 |    95 |     7 ||   151
         Searing Ray       |     2 |    14 |     2 ||    18
    Use: Scroll            |       |       |     1 ||     1
 Armour: Robe              |       |     3 |       ||     3
  Dodge: Dodged            |     2 |    16 |       ||    18
  Block: Other             |       |     5 |       ||     5

Table legend: (Time is in decaauts)
 A = Elapsed time spent in this place.
 B = Non-inter-level travel time spent in this place.
 C = Inter-level travel time spent in this place.
 D = Time resting spent in this place.
 E = Time spent auto-exploring this place.
 F = Levels seen in this place.
 G = Mean time per level.
                   A        B        C        D        E       F      G
               +--------+--------+--------+--------+--------+-----+--------+
         Total |   4027 |   3907 |    120 |      0 |   3425 |   5 |  805.4 |
       Dungeon |   4027 |   3907 |    120 |      0 |   3425 |   5 |  805.4 |
               +--------+--------+--------+--------+--------+-----+--------+

Top non-repeatable levels by time:
     D:2: 1183 daAuts
     D:1: 1019 daAuts
     D:3: 949 daAuts
     D:4: 847 daAuts
     D:5: 27 daAuts
